 Dungeon Crawl Stone Soup version 0.24-a0-441-g27f0392e16 (webtiles) character file.

Game seed: 13573513000844078832

86 Ijustatesigmund the Skirmisher (level 4, 0/49 HPs)
             Began as an Ogre Hunter on June 20, 2019.
             Slain by Robin
             ... wielding a +0 falchion
              (4 damage)
             ... on level 3 of the Dungeon.
             The game lasted 00:04:00 (1940 turns).

Ijustatesigmund the Skirmisher (Ogre Hunter)        Turns: 1940, Time: 00:04:01

Health: 0/49       AC:  3    Str: 16    XL:     4   Next: 49%
Magic:  4/4        EV: 10    Int: 12    God:
Gold:   52         SH:  0    Dex: 10    Spells: 3/3 levels left

rFire    . . .     SeeInvis .   a - +0 flail
rCold    . . .     Gourm    .   (no shield)
rNeg     . . .     Faith    .   b - +0 robe
rPois    .         Spirit   .   (helmet restricted)
rElec    .         Reflect  .   (no cloak)
rCorr    .         Harm     .   (gloves unavailable)
MR       .....                  (boots unavailable)
Stlth    +.........             (no amulet)
HPRegen  0.16/turn              (no ring)
MPRegen  0.09/turn              (no ring)

@: no status effects
A: large, unfitting armour, tough skin 1
a: no special abilities


You were on level 3 of the Dungeon.
You were not hungry.

You visited 1 branch of the dungeon, and saw 3 of its levels.

You collected 52 gold pieces.

Inventory:

Hand Weapons
 a - a +0 flail (weapon)
Missiles
 c - 5 large rocks (quivered)
 d - 2 throwing nets
 e - 13 poisoned darts
Armour
 b - a +0 robe (worn)


   Skills:
 + Level 4.5 Fighting
   Level 0.8 Short Blades
 * Level 2.2 Maces & Flails
 - Level 4.0 Throwing
 - Level 1.7 Dodging
 - Level 0.6 Stealth


You had 3 spell levels left.
You didn't know any spells.
Your spell library was empty.

Dungeon Overview and Level Annotations

Branches:
Dungeon (3/15)

Altars:
Elyvilon

Annotations:
D:3 Robin


Innate Abilities, Weirdness & Mutations

You are too large for most types of armour.
You have tough skin. (AC +1)


Message History

You hit Robin.
Robin is moderately wounded.
Robin hits you with a +0 falchion.
You barely miss Robin.
Robin is moderately wounded.
Robin hits you with a +0 falchion!
* * * LOW HITPOINT WARNING * * *
You hit Robin but do no damage.
Robin is moderately wounded.
Robin hits you with a +0 falchion.
* * * LOW HITPOINT WARNING * * *
You sock Robin!
Robin is severely wounded.
Robin hits you but does no damage.
A goblin comes into view. It is wielding a +0 club.
You aren't carrying any potions.
You hit Robin.
Robin is almost dead.
Robin hits you with a +0 falchion.
You die...

#.≈.≈.###.########
# #.≈.≈.# #.# .#
##≈%≈## #.# ####.#
##.## #.#####....#
..# #..........#
##<# #######>##.#
#.# #.# #g# #@#
#..?).# #.....g.
#.........
#.....###?..
......# #.
####.#.# #. .#


You could see Robin and a goblin.

Vanquished Creatures
  An adder (D:3)
  2 oozes
  A worm (D:2)
  A dart slug (D:1)
  2 leopard geckos (D:1)
  2 orcs (D:3)
  2 ball pythons
  5 giant cockroaches (D:1)
  10 goblins
  9 hobgoblins
  5 kobolds
  5 bats
  3 frilled lizards
  7 rats
55 creatures vanquished.

Notes
Turn   | Place    | Note
-------+----------+-------------------------------------------
     0 | D:1      | Ijustatesigmund the Ogre Hunter began the quest for the
                  | Orb.
     0 | D:1      | Reached XP level 1. HP: 22/22 MP: 1/1
   120 | D:1      | Reached XP level 2. HP: 26/31 MP: 2/2
   610 | D:1      | Reached XP level 3. HP: 39/39 MP: 3/3
   745 | D:1      | Reached skill level 1 in Maces & Flails
  1530 | D:3      | Reached XP level 4. HP: 15/49 MP: 4/4
  1539 | D:3      | Found a white marble altar of Elyvilon.
  1922 | D:3      | Noticed Robin
  1940 | D:3      | Slain by Robin

Levels and vault maps discovered:
D:1:      lemuel_arrival_behind_the_door_large, layout_loops_corners,
          kennysheep_pointless_box
D:2:      layout_basic, fedhas_altar_4, nicolae_overflow_hidden_temple,
          kennysheep_another_room, chequers_serial_rivers_small_b
D:3:      layout_loops_ring, lemuel_round_altar, cheibrodos_sewer_entry_bend,
          serial_bayou_lagoon_a, chequers_serial_rivers_micro_d,
          nemelex_diamond_rough_becter, uniq_crazy_yiuf_cottage, uniq_robin,
          uniq_sigmund, uniq_jessica

Skill      XL: |  1  2  3  4 |
---------------+-------------+-----
Fighting       | 3 4 |  4.5
Maces & Flails | 1 2 |  2.2
Short Blades   | |  0.8
Throwing       | |  4.0
Dodging        | |  1.7
Stealth        | |  0.6

Action                   |  1- 3 |  4- 6 || total
-------------------------+-------+-------++-------
Melee: Short sword       |    55 |       ||    55
       Whip              |   124 |     9 ||   133
       Flail             |       |    49 ||    49
  Use: Scroll            |     3 |     1 ||     4
       Potion            |     1 |     1 ||     2
 Stab: Sleeping          |     2 |       ||     2
  Eat: Chunk             |     2 |       ||     2
       Ration            |       |     1 ||     1
Armor: Robe              |    54 |    20 ||    74
Dodge: Dodged            |    92 |    41 ||   133

Table legend:
 A = Non-vault XP
 B = Vault XP
 C = Vault XP percentage of total XP
 D = Non-vault monster count
 E = Vault monster count
 F = Vault count percentage of total count
                 A         B        C        D         E       F
            +---------+---------+-------+---------+---------+-------
      Total |     117 |       6 |   4.9 |      52 |       3 |   5.5
            +---------+---------+-------+---------+---------+-------
        D:1 |      58 |       0 |   0.0 |      32 |       0 |   0.0
        D:2 |      20 |       0 |   0.0 |       7 |       0 |   0.0
        D:3 |      39 |       6 |  13.3 |      13 |       3 |  18.8
            +---------+---------+-------+---------+---------+-------
